 Dungeon Crawl Stone Soup version 0.21-a0-140-g479285b (webtiles) character file.

6262 grindst0ne the Arsonist (level 10, -5/77 HPs)
             Began as a Hill Orc Fire Elementalist on July 21, 2017.
             Was a Believer of Makhleb.
             Slain by a freezing wraith (7 damage)
             ... on level 8 of the Dungeon.
             The game lasted 00:44:26 (10723 turns).

grindst0ne the Arsonist (HOFE)                     Turns: 10723, Time: 00:44:27

Health: -5/77      AC:  5    Str: 12    XL:     10   Next: 93%
Magic:  14/14      EV: 11    Int: 21    God:    Makhleb [**....]
Gold:   519        SH:  0    Dex: 11    Spells: 0/14 levels left

rFire    . . .     SeeInvis .   x - +1 short sword (venom)
rCold    . . .     Gourm    .   (no shield)
rNeg     . . .     Faith    .   l - +2 robe {Archmagi}
rPois    .         Spirit   .   (no helmet)
rElec    .         Reflect  .   S - +0 cloak
rCorr    .         Harm     .   (no gloves)
MR       .....                  (no boots)
Stlth    +.........             s - amulet of rage
HPRegen  0.22/turn              a - +3 ring of intelligence
MPRegen  0.14/turn              p - ring of wizardry

@: slowed, drained, very slow
A: no striking features
a: Minor Destruction, Renounce Religion, Evoke Berserk Rage


You were on level 8 of the Dungeon.
You worshipped Makhleb.
Makhleb was pleased with you.
You were not hungry.

You visited 2 branches of the dungeon, and saw 10 of its levels.

You collected 519 gold pieces.

Inventory:

Hand Weapons
 x - a +1 short sword of venom (weapon)
 y - a +2 war axe of chopping
Missiles
 j - 6 silver javelins (quivered)
Armour
 l - a +2 robe of the Archmagi (worn)
 S - a +0 cloak (worn)
Magical Staves
 d - an uncursed staff of death
Jewellery
 a - a +3 ring of intelligence (left hand)
 h - an uncursed ring of fire
 p - a ring of wizardry (right hand)
 s - an amulet of rage (around neck)
Wands
 f - a wand of polymorph (12/24)
 F - a wand of paralysis (3/24)
 I - a wand of acid (0/15)
 M - a wand of confusion (25/48)
Scrolls
 g - 7 scrolls of remove curse
 o - a scroll of enchant weapon {unknown}
 t - a scroll of blinking {unknown}
 C - a scroll of immolation {unknown}
 D - 2 scrolls of amnesia {unknown}
 E - a scroll of vulnerability {unknown}
 G - 3 scrolls of teleportation
 H - a scroll of magic mapping {unknown}
 K - a scroll of random uselessness {unknown}
 L - a scroll of summoning {unknown}
 N - a scroll of acquirement {unknown}
 Q - a scroll of fear {unknown}
Potions
 e - a potion of berserk rage
 i - a potion of ambrosia
 k - a potion of cancellation
 m - a potion of agility
 r - 2 potions of magic
 v - a potion of mutation
 z - 3 potions of heal wounds
 A - 2 potions of resistance
 B - a potion of might
 J - 2 potions of curing
 O - a potion of flight
Books
 b - a book of Flames

   Spells                             Type                      Level
   a - Flame Tongue                   Conjuration/Fire             1
   b - Throw Flame                    Conjuration/Fire             2
   c - Conjure Flame                  Conjuration/Fire             3
   d - Inner Flame                    Hexes/Fire                   3
   e - Sticky Flame                   Conjuration/Fire             4
   f - Fireball                       Conjuration/Fire             5
 w - a book of Cantrips

   Spells                             Type                      Level
   a - Confusing Touch                Hexes                        1
   b - Animate Skeleton               Necromancy                   1
   c - Summon Small Mammal            Summoning                    1
   d - Apportation                    Translocation                1
 P - a book of Minor Magic

   Spells                             Type                      Level
   a - Magic Dart                     Conjuration                  1
   b - Blink                          Translocation                2
   c - Call Imp                       Summoning                    2
   d - Slow                           Hexes                        2
   e - Conjure Flame                  Conjuration/Fire             3
   f - Mephitic Cloud                 Conjuration/Poison/Air       3
Comestibles
 c - 5 bread rations
 n - 8 royal jellies
 q - 5 meat rations
 u - 5 fruits


   Skills:
 - Level 3.0(2.4) Fighting
 * Level 5.3(4.7) Armour
 - Level 1.5(1.0) Dodging
 - Level 1.5(1.0) Stealth
 - Level 2.8(2.2) Spellcasting
 + Level 8.4(7.7) Conjurations
 - Level 5.1(4.5) Necromancy
 + Level 10.7(10.0) Fire Magic
 + Level 5.6(4.9) Evocations


You couldn't memorise any spells.
You knew the following spells:

 Your Spells              Type           Power        Failure   Level  Hunger
a - Flame Tongue          Conj/Fire      #####        1%          1    #......
b - Conjure Flame         Conj/Fire      ######..     1%          3    ###....
c - Sticky Flame          Conj/Fire      ######..     1%          4    #####..
d - Animate Skeleton      Necr           N/A          1%          1    #......
e - Fireball              Conj/Fire      ######....   4%          5    ######.


Dungeon Overview and Level Annotations

Branches:
Dungeon (9/15)             Temple (1/1) D:5
   Lair: D:8-11         Orc: D:9-12

Altars:
Ashenzari
Cheibriados
Dithmenos
Elyvilon
Fedhas
Gozag
Hepliaklqana
Kikubaaqudgha
Makhleb
Nemelex Xobeh
Okawaru
Qazlal
Ru
Sif Muna
Trog
Uskayaw
Vehumet
Wu Jian
Xom
Yredelemnul
Zin
The Shining One

Shops:
D:4 (


Message History

Press: ? - help, Shift-Dir - straight line, f/p - freezing wraith
Aim: a freezing wraith (chance to defeat MR: 43%)
The freezing wraith resists with some effort.
This wand has 3 charges left.
Okay, then.
There is a stone staircase leading up here.
The freezing wraith hits you. The freezing wraith freezes you!
The freezing wraith hits you! The freezing wraith drains your vigour!
You feel yourself slow down.
You climb upwards.
There is a stone staircase leading down here.
The freezing wraith hits you! The freezing wraith freezes you!!
* * * LOW HITPOINT WARNING * * *
The freezing wraith hits you but does no damage.
The freezing wraith hits you.
* * * LOW HITPOINT WARNING * * *
The freezing wraith freezes you!!
* * * LOW HITPOINT WARNING * * *
The freezing wraith hits you!
You die...

####...#
#............##### #...#
#................#
##...###########'######.#
###............# #.# #.#
...............# #.# #.#
...............# #.# #.#
...........(...# #.#
###.#
...............###.#
#...#
...............'@W>#
#^###
...............##### #.#
...............# #.#
###............# #.# #
#............# #.#
###............# #.#
........######### #.#
........##(.....#######.#
........##......'.......#


You could see a freezing wraith.

Vanquished Creatures
  2 two-headed ogres (D:9)
  Prince Ribbit (D:7)
  A hippogriff (D:9)
  8 yaks
  2 sky beasts
  An ice beast (D:9)
  A necrophage (D:7)
  3 phantoms
  8 centaurs
  A big kobold (D:8)
  4 bullfrogs
  A scorpion (D:5)
  5 wights (D:9)
  4 crimson imps
  6 hounds
  2 bullfrog zombies (D:8)
  4 orc priests
  9 orc wizards
  4 bullfrog skeletons
  2 centaur skeletons
  A gnoll shaman (D:7)
  Natasha (thrice) (D:2)
  3 iguanas
  6 worker ants
  A hound zombie (D:9)
  2 hound skeletons (D:7)
  A worker ant zombie (D:6)
  7 gnolls
  9 adders
  2 shadow imps
  2 adder zombies
  An adder skeleton (D:4)
  A worm (D:4)
  2 dart slugs
  12 leopard geckos
  31 orcs
  3 ball pythons
  6 bats
  10 giant cockroaches
  9 goblins
  7 hobgoblins
  4 jackals
  21 kobolds
  7 quokkas
  7 frilled lizards
  A leopard gecko skeleton (D:4)
  A leopard gecko zombie (D:9)
  A quokka zombie (D:8)
  11 rats
241 creatures vanquished.

Vanquished Creatures (collateral kills)
  A big kobold (D:9)
  A scorpion (D:9)
  A centaur zombie (D:6)
  2 kobolds (D:9)
5 creatures vanquished.

Grand Total: 246 creatures vanquished

Notes
Turn   | Place    | Note
-------+----------+-------------------------------------------
     0 | D:1      | grindst0ne the Hill Orc Fire Elementalist began the quest for the Orb.
     0 | D:1      | Reached XP level 1. HP: 14/14 MP: 3/3
   119 | D:1      | Reached XP level 2. HP: 20/20 MP: 4/4
   234 | D:1      | Reached skill level 4 in Fire Magic
   782 | D:1      | Reached XP level 3. HP: 22/26 MP: 5/5
  1050 | D:1      | Learned a level 3 spell: Conjure Flame
  1264 | D:2      | Found a stormy altar of Qazlal.
  1343 | D:2      | Reached skill level 5 in Fire Magic
  1450 | D:2      | Noticed Natasha
  1453 | D:2      | Reached XP level 4. HP: 14/33 MP: 0/6
  1960 | D:2      | Killed Natasha
  2063 | D:2      | Noticed Natasha
  2079 | D:2      | Reached skill level 6 in Fire Magic
  2079 | D:2      | Reached XP level 5. HP: 30/38 MP: 3/7
  2152 | D:2      | Killed Natasha
  2171 | D:2      | Noticed Natasha
  2174 | D:2      | Killed Natasha
  2459 | D:3      | Reached XP level 6. HP: 15/45 MP: 3/8
  2677 | D:3      | Found a sacrificial altar of Ru.
  2755 | D:3      | Found a deep blue altar of Sif Muna.
  3249 | D:3      | Reached skill level 7 in Fire Magic
  3303 | D:3      | Learned a level 4 spell: Sticky Flame
  3466 | D:4      | Found Wyraecut's Antique Weapon Boutique.
  3679 | D:4      | Noticed a phantom
  3687 | D:4      | Killed a phantom
  3687 | D:4      | Reached XP level 7. HP: 50/50 MP: 3/10
  4410 | D:5      | Entered Level 5 of the Dungeon
  4421 | D:5      | Found a white marble altar of Elyvilon.
  4461 | D:5      | Learned a level 1 spell: Animate Skeleton
  4825 | D:5      | Found an ancient bone altar of Kikubaaqudgha.
  4855 | D:5      | Reached XP level 8. HP: 29/57 MP: 4/12
  4858 | D:5      | Reached skill level 5 in Conjurations
  4858 | D:5      | Reached skill level 1 in Necromancy
  5035 | D:5      | Found an iron altar of Okawaru.
  5035 | D:5      | Found a hide-covered altar of Uskayaw.
  5040 | D:5      | Reached skill level 8 in Fire Magic
  5122 | D:5      | Found a basalt altar of Yredelemnul.
  5199 | D:5      | Found an ornate altar of the Wu Jian Council.
  5275 | D:5      | Found a staircase to the Ecumenical Temple.
  5281 | Temple   | Entered the Ecumenical Temple
  5470 | Temple   | Became a worshipper of Makhleb the Destroyer
  6256 | D:6      | Reached skill level 1 in Evocations
  6894 | D:7      | Reached XP level 9. HP: 59/62 MP: 8/13
  6899 | D:7      | Noticed Prince Ribbit
  6909 | D:7      | Killed Prince Ribbit
  6909 | D:7      | Reached skill level 9 in Fire Magic
  7046 | D:7      | Reached * piety under Makhleb
  8130 | D:8      | Reached skill level 5 in Necromancy
  8591 | D:8      | Reached XP level 10. HP: 69/69 MP: 1/14
  8661 | D:8      | Found a shadowy altar of Dithmenos.
  8661 | D:8      | Found a white marble altar of Elyvilon.
  8662 | D:8      | Found a shattered altar of Ashenzari.
  8870 | D:8      | Reached skill level 10 in Fire Magic
  9007 | D:9      | Reached skill level 1 in Fighting
  9007 | D:9      | Reached skill level 1 in Armour
  9049 | D:9      | Reached ** piety under Makhleb
  9263 | D:9      | Noticed a two-headed ogre
  9294 | D:9      | Killed a two-headed ogre
  9294 | D:9      | Reached skill level 5 in Evocations
  9714 | D:9      | Found a blossoming altar of Fedhas.
  9876 | D:8      | Learned a level 5 spell: Fireball
 10468 | D:9      | Noticed a two-headed ogre
 10481 | D:9      | Killed a two-headed ogre
 10481 | D:9      | Reached skill level 5 in Armour
 10723 | D:8      | HP: 2/77 [freezing wraith (19)]
 10723 | D:8      | Slain by a freezing wraith

Vault maps used:
D:1:      lemuel_arrival_broad_hall
D:2:      lemuel_crystal_altar, uniq_natasha
D:3:      lemuel_blue_sif_altar, lemuel_doored_altar, serial_glass,
          glass_columns_a, glass_columns_a, glass_columns_a, glass_columns_c,
          glass_columns_b, glass_columns_c, glass_columns_c, glass_columns_b,
          glass_columns_a, glass_columns_c, grunt_ministairs_4
D:4:      first_bread, serial_shops, shop, kennysheep_generic_room_16
D:5:      overflow_temple_1_default, kennysheep_mini_moat,
          yredelemnul_altar_generic, gammafunk_temple_overflow_pools,
          minmay_temple_entry_fiery, elyvilon_altar_5
D:7:      uniq_prince_ribbit1
D:8:      gammafunk_temple_overflow_claw
D:9:      minmay_sliced_demisemicircle, fedhas_altar_2
Temple:   dpeg_chambers_temple

Skill      XL: |  1  2  3  4  5  6  7  8  9 10 |
---------------+-------------------------------+-----
Fire Magic     | 4 5 6 7 8 9 10 | 10.7
Conjurations   | 2 3 4 6 7 8 |  8.4
Spellcasting   | 2 |  2.8
Necromancy     | 3 5 |  5.1
Evocations     | 1 4 5 |  5.6
Fighting       | 3 |  3.0
Armour         | 5 |  5.3
Dodging        | |  1.5
Stealth        | |  1.5

Action                   |  1- 3 |  4- 6 |  7- 9 | 10-12 || total
-------------------------+-------+-------+-------+-------++-------
Melee: Hand axe          |    18 |    10 |       |       ||    28
       Unarmed           |     3 |       |       |       ||     3
       Dagger            |    80 |    66 |       |       ||   146
       Short sword       |       |       |   151 |    18 ||   169
 Cast: Flame Tongue      |    33 |   105 |   223 |    61 ||   422
       Sticky Flame      |       |       |    17 |    26 ||    43
       Animate Skeleton  |       |       |     8 |     6 ||    14
Evoke: Wand              |       |       |     3 |     8 ||    11
  Use: Scroll            |       |    11 |     5 |     2 ||    18
       Potion            |       |     4 |     2 |     2 ||     8
 Stab: Sleeping          |     4 |       |       |       ||     4
       Invisible         |       |     2 |       |       ||     2
       Distracted        |       |     1 |       |       ||     1
       Paralysed         |       |       |     7 |       ||     7
  Eat: Chunk             |     2 |    10 |    18 |     3 ||    33
       Bread ration      |       |       |       |     3 ||     3
Armor: Robe              |    29 |    22 |    53 |    17 ||   121
       Skin              |       |    10 |       |       ||    10
Dodge: Dodged            |   102 |    66 |   146 |    46 ||   360
